 Dungeon Crawl Stone Soup version 0.26-a0-950-g52035dc9a5 (webtiles) character file.

Game seed: 11597797575045482874

227 KristoblXynda the Slasher (level 5, -2/45 HPs)
             Began as a Draconian Fighter on Nov 29, 2020.
             Slain by an iguana (13 damage)
             ... on level 3 of the Dungeon.
             The game lasted 00:03:05 (3195 turns).

KristoblXynda the Slasher (Draconian Fighter)       Turns: 3195, Time: 00:03:06

Health: -2/45      AC:  5    Str: 18    XL:     5   Next: 70%
Magic:  5/5        EV: 11    Int:  9    God:
Gold:   124        SH:  9    Dex: 11    Spells: 4/4 levels left

rFire    . . .     SeeInvis .   a - +0 long sword
rCold    . . .     Faith    .   b - +0 kite shield
rNeg     . . .     Spirit   .   (armour unavailable)
rPois    .         Reflect  .   (helmet restricted)
rElec    .         Harm     .   (no cloak)
rCorr    .         Rampage  .   (no gloves)
MR       .....                  (no boots)
Stlth    +.........             (no amulet)
HPRegen  0.15/turn              (no ring)
MPRegen  0.09/turn              (no ring)

@: no status effects
A: unfitting armour, cold-blooded, AC +5
a: no special abilities


You were on level 3 of the Dungeon.
You visited 1 branch of the dungeon, and saw 3 of its levels.

You collected 124 gold pieces.

Inventory:

Hand Weapons
 a - a +0 long sword (weapon)
Missiles
 j - 3 javelins (quivered)
Armour
 b - a +0 kite shield (worn)
Scrolls
 c - a scroll of random uselessness {unknown}
 d - 3 scrolls of teleportation {unknown}
 e - 2 scrolls of enchant armour {unknown}
 f - a scroll of identify
 i - a scroll of remove curse {unknown}
 l - a scroll of amnesia {unknown}
 m - a scroll of fog {unknown}
Potions
 g - a potion of ambrosia {unknown}
 h - a potion of heal wounds {unknown}
 k - a potion of flight
 n - a potion of attraction
 o - a potion of mutation
 p - a potion of berserk rage


   Skills:
 - Level 3.2 Fighting
 * Level 4.5 Long Blades
 + Level 3.7 Dodging
 + Level 4.1 Shields


You had 4 spell levels left.
You didn't know any spells.
Your spell library was empty.

Dungeon Overview and Level Annotations

Branches:
Dungeon (3/15)

Altars:


Innate Abilities, Weirdness & Mutations

Your plain brown scales are hard. (AC +5)
You cannot fit into any form of body armour.
You are cold-blooded and may be slowed by cold attacks.


Message History

You barely miss the iguana.
The iguana is heavily wounded.
The iguana bites you.
You closely miss the iguana.
The iguana is heavily wounded.
The iguana bites you!
* * * LOW HITPOINT WARNING * * *
The iguana bites you but does no damage.
Your shield prevents you from hitting the iguana.
The iguana is heavily wounded.
You block the iguana's attack.
You completely miss the iguana.
You tail-slap the iguana, but do no damage.
The iguana is heavily wounded.
You block the iguana's attack.
You barely miss the iguana.
You tail-slap the iguana, but do no damage.
The iguana is heavily wounded.
The iguana bites you!
You die...

#.#####..........
#.# #.....#####
#.# ##...##
#########.# #####
......)...#
........)##
.#######.# #l#
#@# #............
#.###.#....[.
#....###. #[. .#
#..#.# #..# .
#..# ##


You could see an iguana.

Vanquished Creatures
  3 wights (D:2)
  A hound zombie (D:2)
  2 adders (D:2)
  3 worms (D:2)
  2 dart slugs (D:1)
  4 leopard geckos
  3 orcs (D:3)
  4 bats
  3 giant cockroaches (D:1)
  4 goblins
  7 hobgoblins
  6 jackals
  A frilled lizard (D:1)
  6 kobolds
  8 rats
57 creatures vanquished.

Vanquished Creatures (others)
  2 plants (D:3)
2 creatures vanquished.

Grand Total: 59 creatures vanquished

Notes
Turn   | Place    | Note
-------+----------+-------------------------------------------
     0 | D:1      | KristoblXynda the Draconian Fighter began the quest for the
                  | Orb.
     0 | D:1      | Reached XP level 1. HP: 19/19 MP: 1/1
   343 | D:1      | Reached XP level 2. HP: 26/26 MP: 2/2
   788 | D:1      | Reached XP level 3. HP: 26/31 MP: 3/3
  1485 | D:2      | Reached XP level 4. HP: 13/38 MP: 4/4
  1984 | D:2      | Reached XP level 5. HP: 7/45 MP: 5/5
  3195 | D:3      | Slain by an iguana

Illustrated notes

Levels and vault maps discovered:
D:1:      saegor_arrival_simple_d, layout_loops_ring, minmay_bisected
D:2:      layout_loops_ring, st_stairs_10, hangedman_glass_teeth,
          minmay_goblin_kobold_house
D:3:      layout_loops_ring, serial_bayou_ford_a

Skill      XL: |  1  2  3  4  5 |
---------------+----------------+-----
Dodging        | 3 |  3.7
Long Blades    | 3 4 |  4.5
Shields        | 4 |  4.1
Fighting       | |  3.2

Action                   |  1- 3 |  4- 6 || total
-------------------------+-------+-------++-------
Melee: Long sword        |   135 |    88 ||   223
       Tailslap          |    15 |     9 ||    24
  Use: Potion            |     1 |     1 ||     2
       Scroll            |       |     4 ||     4
Armor: Skin              |    34 |    19 ||    53
Dodge: Dodged            |    56 |    38 ||    94
Block: Kite shield       |    71 |    44 ||   115
       Rpst.: Long sword |    18 |    10 ||    28

Table legend: (Time is in decaauts)
 A = Elapsed time spent in this place.
 B = Non-inter-level travel time spent in this place.
 C = Inter-level travel time spent in this place.
 D = Time resting spent in this place.
 E = Time spent auto-exploring this place.
 F = Levels seen in this place.
 G = Mean time per level.
                   A        B        C        D        E       F      G
               +--------+--------+--------+--------+--------+-----+--------+
         Total |   3265 |   3244 |     21 |    982 |   1646 |   3 | 1088.3 |
       Dungeon |   3265 |   3244 |     21 |    982 |   1646 |   3 | 1088.3 |
               +--------+--------+--------+--------+--------+-----+--------+

Top non-repeatable levels by time:
     D:2: 1769 daAuts
     D:1: 1407 daAuts
     D:3: 88 daAuts
